 Dungeon Crawl Stone Soup version 0.30.0-18-gc0e69614cb (webtiles) character file.

Game seed: 10746266912991292310

160 Bamboolord the Covered (level 5, -7/48 HPs)
             Began as an Armataur Fighter on May 24, 2023.
             Mangled by a gnoll
             ... wielding a +2 heavy halberd
              (8 damage)
             ... on level 3 of the Dungeon.
             The game lasted 00:02:59 (2051 turns).

Bamboolord the Covered (Armataur Fighter)           Turns: 2051, Time: 00:02:59

Health: -7/48      AC:  8    Str: 21    XL:     5   Next: 17%
Magic:  5/5        EV:  7    Int:  8    God:
Gold:   135        SH:  5    Dex: 12    Spells: 4/4 levels left

rFire   . . .        a - +1 flail
rCold   . . .        c - +0 buckler
rNeg    . . .        b - +0 scale mail
rPois   +            h - +1 hat
rElec   .            (no cloak)
rCorr   .            (no gloves)
SInv    .            (no barding)
Will    +....        (no amulet) Stlth
                     (no ring)
HPRegen 0.28/turn    (no ring)
MPRegen 0.09/turn

%: roll
@: no status effects
A: large, rugged brown scales 3, deformed body, armoured tail, roll, long
tongue, awkward tongue, strong-willed 1, passive freeze, poison resistance
a: no special abilities


You were on level 3 of the Dungeon.
You visited 1 branch of the dungeon, and saw 3 of its levels.

You collected 135 gold pieces.

Inventory:

Hand Weapons
 a - a +1 flail (weapon)
Armour
 b - a +0 scale mail (worn)
 c - a +0 buckler (worn)
 h - a +1 hat (worn)
Scrolls
 e - 2 scrolls of enchant armour
 f - 2 scrolls of vulnerability
 k - a scroll of immolation {unknown}
 m - 2 scrolls of teleportation {unknown}
 n - 2 scrolls of amnesia {unknown}
 p - a scroll of magic mapping {unknown}
Potions
 d - a potion of might
 g - a potion of resistance
 i - a potion of brilliance
 o - a potion of berserk rage {unknown}
 q - a potion of attraction {unknown}


   Skills:
 * Level 3.3 Fighting
 * Level 3.2 Maces & Flails
 * Level 4.8 Armour
 * Level 4.0 Shields


You had 4 spell levels left.
You didn't know any spells.
Your spell library was empty.

Dungeon Overview and Level Annotations

Branches:
Dungeon (3/15)

Altars:


Innate Abilities, Weirdness & Mutations

You are completely covered in rugged brown scales. (AC +3, +7% HP)
Armour fits poorly on your strangely shaped body.
You have a long armoured tail.
You roll when moving toward enemies. (Rampage)
Your long tongue fully drains potion bottles. (2x potion effects)
Your tongue gives you trouble enunciating. (1.5x scroll delay)
You are strong-willed. (Will+)
A frigid envelope surrounds you and freezes all who hurt you.
Your system is resistant to poisons. (rPois)


Message History

You block the gnoll's attack. x2
You barely miss the gnoll.
The gnoll is moderately wounded.
You block the gnoll's attack. x2; The gnoll barely misses you.
You sock the gnoll!
The gnoll is almost dead.
You block the gnoll's attack. The gnoll closely misses you.
You barely miss the gnoll.
Your tail-slap misses the gnoll.
The gnoll is almost dead.
The gnoll hits you with a +0 whip.
The gnoll hits you from afar with a +2 heavy halberd!!
* * * LOW HITPOINT WARNING * * *
You are too injured to fight recklessly!
Unknown command.
The gnoll attacks as you move away! You block the gnoll's attack.
You closely miss the gnoll.
The gnoll is almost dead.
The gnoll hits you with a +0 whip.
* * * LOW HITPOINT WARNING * * *
The gnoll hits you but does no damage. The gnoll hits you with a +0 whip.
* * * LOW HITPOINT WARNING * * *
Unknown command.
It was a potion of brilliance.
You feel clever all of a sudden.
You slurp down every last drop of the potion of brilliance!
The gnoll hits you with a +0 whip.
* * * LOW HITPOINT WARNING * * *
It was a potion of cancellation.
Your magical effects are unravelling.
You feel magically purged.
You slurp down every last drop of the potion of cancellation!
You feel a little less clever now. The gnoll barely misses you.
The gnoll hits you with a +0 whip.
* * * LOW HITPOINT WARNING * * *
It was a potion of mutation.
You feel extremely strange.
You feel resistant to poisons.
Your skin feels very cold.
You feel strong-willed.
You slurp down every last drop of the potion of mutation!
The gnoll hits you from afar with a +2 heavy halberd!
You die...

#...#######
#.#......#
#...####.#
##..# #.# #^.#
#.## #..# #..#
#..# ##.# #..#
#.# #.. #@#
..#####g#####.#
......).g)....#
.######.#)....#
#.#.##### #.#.#
#.#.# #.#.#
#.#..


You could see 2 gnolls.

Vanquished Creatures
  Natasha (twice) (D:2)
  Terence (D:3)
  2 gnolls (D:3)
  2 adders (D:2)
  A worm (D:2)
  A dart slug (D:3)
  6 endoplasms
  2 giant cockroaches
  7 goblins
  2 hobgoblins (D:1)
  3 jackals (D:1)
  2 quokkas
  2 ball pythons
  5 bats
  4 frilled lizards
  A kobold (D:3)
  6 rats
49 creatures vanquished.

Notes
Turn   | Place    | Note
-------+----------+-------------------------------------------
     0 | D:1      | Bamboolord the Armataur Fighter began the quest for the
                  | Orb.
     0 | D:1      | Reached XP level 1. HP: 19/19 MP: 1/1
   125 | D:1      | Reached XP level 2. HP: 26/26 MP: 2/2
  1103 | D:2      | Reached XP level 3. HP: 33/33 MP: 3/3
  1517 | D:2      | Noticed Natasha
  1531 | D:2      | Killed Natasha
  1532 | D:2      | Reached XP level 4. HP: 18/40 MP: 4/4
  1552 | D:2      | Noticed Natasha
  1560 | D:2      | Killed Natasha
  1795 | D:3      | Found a faded altar of an unknown god.
  1795 | D:3      | Noticed Terence
  1802 | D:3      | Killed Terence
  2011 | D:3      | Reached XP level 5. HP: 48/48 MP: 5/5
  2049 | D:3      | HP: 1/48 [gnoll/+0 whip (2)]
  2051 | D:3      | Gained mutation: Your system is resistant to poisons.
                  | (rPois) [potion of mutation]
  2051 | D:3      | Gained mutation: A frigid envelope surrounds you and
                  | freezes all who hurt you. [potion of mutation]
  2051 | D:3      | Gained mutation: You are strong-willed. (Will+) [potion of
                  | mutation]
  2051 | D:3      | Mangled by a gnoll

Illustrated notes

Levels and vault maps discovered:
D:1:      lemuel_arrival_lava_pool, layout_basic
D:2:      layout_basic, uniq_natasha
D:3:      layout_loops_ring, hellmonk_ecumenical_altar_crossroads, uniq_terence

Skill      XL: |  1  2  3  4 |
---------------+-------------+-----
Maces & Flails | 2 3 |  3.2
Armour         | 4 |  4.8
Fighting       | 3 |  3.3
Shields        | 4 |  4.0

Action                     |  1- 3 |  4- 6 || total
---------------------------+-------+-------++-------
  Melee: Flail             |   116 |    32 ||   148
         Tailslap          |     8 |     5 ||    13
    Use: Scroll            |     5 |       ||     5
         Potion            |       |     3 ||     3
 Armour: Scale mail        |    58 |    12 ||    70
  Dodge: Dodged            |    48 |    17 ||    65
  Block: Buckler           |    29 |    11 ||    40
